 Dungeon Crawl Stone Soup version 0.31-a0-229-g1fc7ce93e2 (webtiles) character file.

Game seed: 1804841284930250314

105 qw the Shooter (level 4, -1/26 HPs)
             Began as a Gargoyle Hexslinger on July 6, 2023.
             Slain by an orc wizard
             ... wielding a +0 dagger
              (3 damage)
             ... on level 3 of the Dungeon.
             The game lasted 00:00:40 (1536 turns).

qw the Shooter (Gargoyle Hexslinger)                Turns: 1536, Time: 00:00:40

Health: -1/26      AC:  8    Str: 12    XL:     4   Next: 81%
Magic:  5/5        EV: 12    Int: 13    God:
Gold:   194        SH:  0    Dex: 14    Spells: 4/5 levels left

rFire   . . .        Y - +1 sling
rCold   . . .        (no shield)
rNeg    + . .        c - +0 robe
rPois   inf          a - +1 helmet
rElec   +            (no cloak)
rCorr   .            b - +0 pair of gloves
SInv    .            (no boots)
Will    .....        (no amulet)
Stlth   +            (no ring)
HPRegen 0.24/turn    (no ring)
MPRegen 0.09/turn

%: no passive effects
@: no status effects
A: sickness immunity, AC +3, negative energy resistance 1, electricity
resistance, torment resistance 1, petrification resistance
a: no special abilities


You were on level 3 of the Dungeon.
You visited 1 branch of the dungeon, and saw 3 of its levels.

You collected 194 gold pieces.


Innate Abilities, Weirdness & Mutations

You are immune to sickness and miasma.
Your stone body is resilient. (AC +3)
You are immune to poison.
You resist negative energy. (rN+)
You are resistant to electric shocks. (rElec)
You are resistant to unholy torment.
You are immune to petrification.


   Skills:
 - Level 2.0 Fighting
 + Level 4.5 Ranged Weapons
 - Level 1.5 Dodging
 - Level 1.0 Spellcasting
 - Level 2.6 Hexes


You had 4 spell levels left.
You knew the following spells:

 Your Spells              Type           Power      Damage    Failure   Level
a - Slow                  Hex            28%        N/A       10%         1

Your spell library contained the following spells:

 Spells                   Type           Power      Damage    Failure   Level
 Inner Flame              Hex/Fire       4%         N/A       43%         3
 Portal Projectile        Hex/Tloc       8%         N/A       43%         3
 Cause Fear               Hex            3%         N/A       67%         4

Inventory:

Hand Weapons
 Y - a +1 sling (weapon)
Armour
 a - a +1 helmet (worn)
 b - a +0 pair of gloves (worn)
 c - a +0 robe (worn)
Scrolls
 j - a scroll of identify
Potions
 d - a potion of brilliance {unknown}
 e - a potion of cancellation
 f - a potion of degeneration {unknown}
 g - a potion of magic {unknown}
 h - 2 potions of curing {unknown}
 i - a potion of might {unknown}
 k - a potion of attraction {unknown}

Dungeon Overview and Level Annotations

Branches:
Dungeon (3/15)

Altars:

Shops:
D:1 :

Annotations:
D:1 2 transporters


Message History

The orc wizard points at you and mumbles some strange words.
You are confused.
An orc comes into view. It is wielding a +0 hand axe.
The orc wizard casts a spell at you. The puff of flame hits you!
The orc wizard points at you and mumbles some strange words.
The magic dart hits you!
You feel less confused. The orc wizard barely misses you.
The orc hits you with a +0 dagger.
You shoot a sling bullet.
The sling bullet closely misses the orc wizard.
The sling bullet hits the orc!
You kill the orc!
The orc hits you but does no damage.
The orc wizard points at you and mumbles some strange words.
The magic dart hits you.
You shoot a sling bullet.
The sling bullet hits the orc wizard but does no damage.
The orc wizard is lightly wounded.
The orc hits you with a +0 dagger.
The orc wizard hits you but does no damage.
You shoot a sling bullet. The sling bullet misses the orc wizard.
The sling bullet hits the orc.
The orc is lightly wounded.
The orc hits you but does no damage.
The orc wizard mumbles some strange words.
The orc wizard flickers and vanishes!
Deactivating autopickup; reactivate with Ctrl-A.
You shoot a sling bullet.
The sling bullet hits the orc but does no damage.
The orc hits you with a +0 dagger. Something hits you but does no damage.
You shoot a sling bullet. The sling bullet hits the orc.
The orc is almost dead.
The orc hits you but does no damage. Something hits you but does no damage.
The orc completely misses you.
You shoot a sling bullet.
The sling bullet hits the orc but does no damage.
The orc is almost dead.
The orc misses you. Something hits you.
You die...

##.......... ..#
#.########.##.# #.#
#.##.# ##'## #.....
##...## #.##.#
##.....## #.##.#
#.......## #..#.##
.........####.....#
.........'......@##
.........####..oo#
#.......##
#...)...# ##.....##
####.#### ##...##
#.# ##+# #.# #.#
$.#


You could see 2 orcs.

Vanquished Creatures
  5 adders
  A dart slug (D:3)
  2 orcs (D:3)
  9 ball pythons
  10 endoplasms
  3 giant cockroaches
  A goblin (D:2)
  A hobgoblin (D:2)
  4 jackals (D:3)
  3 quokkas
  4 bats
  A frilled lizard (D:2)
  4 kobolds
  3 rats (D:1)
51 creatures vanquished.

Notes
Turn   | Place    | Note
-------+----------+-------------------------------------------
     0 | D:1      | qw the Gargoyle Hexslinger began the quest for the Orb.
     0 | D:1      | Reached XP level 1. HP: 12/12 MP: 2/2
     0 | D:1      | 0 ||| qw: Version: 0.3-a-46-gb1f654a
     0 | D:1      | 0 ||| qw: Game counter: 1378
     0 | D:1      | 0 ||| qw: Melee chars always use a shield: true
     0 | D:1      | 0 ||| qw: God list: Okawaru
     0 | D:1      | 0 ||| qw: Allow faded altars: false
     0 | D:1      | 0 ||| qw: Do Orc after clearing Dungeon:15 true
     0 | D:1      | 0 ||| qw: Do second Lair branch before Depths: true
     0 | D:1      | 0 ||| qw: Lair rune preference: random
     0 | D:1      | 0 ||| qw: Goals: Normal
     0 | D:1      | 0 ||| PLANNING D:1-11
   158 | D:1      | Reached XP level 2. HP: 16/16 MP: 3/3
   215 | D:1      | HP: 4/16 [kobold/+0 short sword (2)]
   218 | D:1      | Reached skill level 3 in Ranged Weapons
   271 | D:1      | Found a transporter.
   327 | D:1      | Found Noirhu's Book Shop.
   433 | D:1      | Found a transporter.
   462 | D:1      | Reached XP level 3. HP: 21/21 MP: 4/4
   579 | D:1      | 579 ||| READING scroll labelled RARIYC GAELO.
   580 | D:1      | 580 ||| DRINKING 2 blue potions.
   581 | D:1      | 581 ||| DROPPING scroll of poison.
   606 | D:2      | 606 ||| STAIRDANCE
  1119 | D:2      | 1119 ||| UPGRADING to +1 helmet.
  1124 | D:2      | 1124 ||| UPGRADING to +0 pair of gloves.
  1211 | D:3      | Reached XP level 4. HP: 26/26 MP: 5/5
  1262 | D:3      | Reached skill level 4 in Ranged Weapons
  1532 | D:3      | HP: 4/26 [orc/+0 dagger (3)]
  1534 | D:3      | HP: 1/26 [orc/+0 dagger (3)]
  1536 | D:3      | Slain by an orc wizard

Levels and vault maps discovered:
D:1:      lightli_arrival_windingriver, layout_basic, serial_shops,
          nicolae_shop_drivethru
D:2:      layout_rooms, grunt_ministairs_5,
          wander_ebering_terrifying_dragon_lair
D:3:      layout_loops_corners, chequers_ecumenical_altar_twisty, st_stairs_11

Skill      XL: |  1  2  3  4 |
---------------+-------------+-----
Ranged Weapons | 3 4 |  4.5
Fighting       | 2 |  2.0
Dodging        | |  1.5
Spellcasting   | |  1.0
Hexes          | |  2.6

Action                     |  1- 3 |  4- 6 || total
---------------------------+-------+-------++-------
   Fire: Sling             |   103 |    52 ||   155
    Use: Scroll            |     1 |       ||     1
         Potion            |     1 |       ||     1
 Armour: Robe              |    25 |    17 ||    42
  Dodge: Dodged            |    40 |    17 ||    57

Table legend:
 A = Non-vault XP
 B = Vault XP
 C = Vault XP percentage of total XP
 D = Non-vault monster count
 E = Vault monster count
 F = Vault count percentage of total count
                 A         B        C        D         E       F
            +---------+---------+-------+---------+---------+-------
      Total |     138 |      12 |   8.0 |      45 |       6 |  11.8
            +---------+---------+-------+---------+---------+-------
        D:1 |      50 |       0 |   0.0 |      23 |       0 |   0.0
        D:2 |      18 |       4 |  18.2 |      10 |       3 |  23.1
        D:3 |      70 |       8 |  10.3 |      12 |       3 |  20.0
            +---------+---------+-------+---------+---------+-------
